 Dungeon Crawl Stone Soup version 0.31-a0-983-g7b6862f502 (webtiles) character file.

Game seed: 8069143017144906410

3985 Whiskey the Grappler (level 10, -5/96 HPs)
             Began as a Troll Shapeshifter on Nov 3, 2023.
             Was a Believer of Qazlal.
             Slain by an orc knight
             ... wielding a +1 battleaxe
              (21 damage)
             ... on level 10 of the Dungeon.
             The game lasted 00:14:46 (5670 turns).

Whiskey the Grappler (Troll Shapeshifter)           Turns: 5670, Time: 00:14:47

Health: -5/96      AC:  5    Str: 24    XL:     10   Next: 3%
Magic:  10/10      EV:  9    Int: 10    God:    Qazlal [**....]
Gold:   355        SH:  3    Dex:  9    Spells: 9/9 levels left

rFire   . .          .
                       - Unarmed
rCold   . . .        (no shield)
rNeg    . . .        l - +0 troll leather armour {regen}
rPois   .            (helmet currently unavailable)
rElec   .            C - melded +0 cloak
rCorr   .            (gloves unavailable)
SInv    .            (boots unavailable)
Will    +....        k - amulet of regeneration {+regen, !d}
Stlth   +            e - ring of willpower
HPRegen 2.76/turn    (no ring)
MPRegen 0.12/turn

%: no passive effects
@: beast-form
A: beast (slay +4), large, unfitting armour, claws 3, regeneration 1, shaggy fur
1, tough skin 1
a: Begin Untransformation, Renounce Religion, Upheaval


You were on level 10 of the Dungeon.
You worshipped Qazlal.
Qazlal was pleased with you.
You were a hulking beast.
You visited 2 branches of the dungeon, and saw 9 of its levels.
You also visited: Sewer and Ossuary.

You collected 355 gold pieces.

Inventory:

Missiles
 j - 10 poisoned darts (quivered)
 q - 3 curare-tipped darts
Armour
 l - a +0 troll leather armour (worn) {regen}
   (You found it on level 2 of the Dungeon)
 C - a +0 cloak (melded)
   (You took it off Crazy Yiuf on level 5 of the Dungeon)
 D - a +0 robe
   (You took it off an orc wizard on level 6 of the Dungeon)
 M - a +0 robe
   (You found it on level 7 of the Dungeon)
Magical Staves
 v - a staff of fire {rF+}
   (You found it on level 6 of the Dungeon)
 J - a staff of conjuration {!a}
   (You found it on level 7 of the Dungeon)
 L - a staff of fire {rF+}
   (You found it on level 7 of the Dungeon)
Jewellery
 e - a ring of willpower (left claw)
   (You found it on level 1 of the Dungeon)
 k - an amulet of regeneration (around neck) {+regen, !d}
   (You found it on level 2 of the Dungeon)
Talismans
 c - a beast talisman (active)
 d - a flux talisman
Wands
 w - a wand of roots (6)
   (You found it on level 4 of the Dungeon)
 x - a wand of flame (15)
   (You found it on level 6 of the Dungeon)
 I - a wand of charming (2)
   (You found it on level 6 of the Dungeon)
Scrolls
 i - 8 scrolls of identify {unknown}
 m - a scroll of enchant armour {unknown}
 o - 3 scrolls of amnesia {unknown}
 p - 3 scrolls of fear {unknown}
 r - 2 scrolls of brand weapon {unknown}
 u - 3 scrolls of vulnerability {unknown}
 y - a scroll of poison {unknown}
 A - 2 scrolls of blinking {unknown}
 B - 4 scrolls of teleportation {unknown}
 K - 2 scrolls of noise {unknown}
Potions
 a - a potion of resistance {unknown}
 b - a potion of lignification {!q}
 f - 4 potions of invisibility {unknown}
 g - a potion of ambrosia {unknown}
 h - 3 potions of mutation {unknown}
 n - 3 potions of brilliance {unknown}
 s - 3 potions of experience {unknown}
 t - a potion of magic {unknown}
 z - 4 potions of curing
 E - a potion of heal wounds
 F - a potion of haste {unknown}
 G - 2 potions of degeneration {unknown}
 H - 2 potions of attraction {unknown}
 N - a potion of enlightenment {unknown}


   Skills:
 - Level 5.0 Fighting
 - Level 2.0 Dodging
 * Level 9.5 Unarmed Combat
 + Level 2.5 Invocations
 * Level 8.9 Shapeshifting


You had 9 spell levels left.
You didn't know any spells.
Your spell library contained the following spells:

 Spells                   Type           Power      Damage    Failure   Level
 Apportation              Tloc           0%         N/A       41%         1
 Necrotise                Necr           0%         1d4       41%         1
 Summon Small Mammal      Summ           0%         N/A       41%         1
 Call Canine Familiar     Summ           0%         N/A       78%         3
 Sigil of Binding         Hex            0%         N/A       78%         3
 Volatile Blastmotes      Fire/Tloc      0%         2d10      78%         3
 Dimensional Bullseye     Hex/Tloc       0%         N/A       99%         4
 Fulminant Prism          Conj/Hex       0%         3d5       99%         4
 Iskenderun's Mystic Bla  Conj/Tloc      0%         2d3       99%         4
 Leda's Liquefaction      Hex/Erth       0%         N/A       99%         4


Dungeon Overview and Level Annotations

Branches:
Dungeon (7/15)             Temple (1/1) D:4           Sewer (visited)
Ossuary (visited)

Altars:
Ashenzari
Cheibriados
Dithmenos
Elyvilon
Fedhas
Gozag
Hepliaklqana
Kikubaaqudgha
Makhleb
Nemelex Xobeh
Okawaru
Qazlal
Ru
Sif Muna
Trog
Uskayaw
Vehumet
Wu Jian
Xom
Yredelemnul
Zin
The Shining One

Shops:
D:3 ?   D:6 (

Annotations:
D:10 Urug


Innate Abilities, Weirdness & Mutations

You are a hulking beast.
Your limbs bulge with bestial killing power. (Slay +4)
You are too large for most types of armour.
You have claws for hands.
Your natural rate of healing is unusually fast.
You are covered in fur. (AC +1)
You have tough skin. (AC +1)


Message History

Done waiting.
You open the door.
There is an open door here.
You close the door.
You open the door.
There is an open door here.
You open the door.
There is an open door here.
You open the door.
There is an open door here.
You now have 355 gold pieces (gained 11).
You pick up a book of Cantrips and begin reading...
You add the spells Necrotise, Summon Small Mammal and Apportation to your library.
An orc knight comes into view. It is wielding a +1 battleaxe.
Found an opulent altar of Gozag.
The orc knight shouts!
The orc knight unwields a +1 battleaxe.
The orc knight wields a +0 arbalest.
The orc knight shoots a bolt.
You block the bolt.
The orc knight shoots a bolt.
The bolt closely misses you.
The orc knight shoots a bolt.
The bolt hits you.
You take 3 damage, and have 93/96 hp.
The orc knight shoots a bolt.
You block the bolt.
You regained 2 hp, and now have 95/96 hp.
Health restored: 96 A gargoyle comes into view.
It is wielding a +0 flail.
The orc knight shoots a bolt.
The bolt hits you!
You take 12 damage, and have 84/96 hp.
You regained 3 hp, and now have 87/96 hp.
You regained 3 hp, and now have 90/96 hp.
The orc knight shoots a bolt.
The bolt hits you.
You take 3 damage, and have 87/96 hp.
The orc knight shoots a bolt.
The bolt hits you but does no damage.
You regained 2 hp, and now have 89/96 hp.
The orc knight shoots a bolt.
The bolt hits you!
You take 10 damage, and have 79/96 hp.
The orc knight shoots a bolt.
The bolt closely misses you.
You regained 3 hp, and now have 82/96 hp.
The orc knight shoots a bolt.
The bolt hits you.
You regained 2 hp, and now have 85/96 hp.
You regained 3 hp, and now have 88/96 hp.
You regained 3 hp, and now have 91/96 hp.
You open the door.
You regained 3 hp, and now have 94/96 hp.
There is an open door here.
Health restored: 96 You close the door.
You start waiting.
A gargoyle opens the door.
It is wielding a +0 flail.
The gargoyle hurls a stone arrow at you.
The stone arrow misses you.
The gargoyle hurls a stone arrow at you.
The stone arrow hits you!
You take 10 damage, and have 86/96 hp.
The gargoyle hits you with a +0 flail!
You take 10 damage, and have 76/96 hp.
You scratch the gargoyle.
You regained 2 hp, and now have 78/96 hp.
You closely miss the orc knight.
You regained 2 hp, and now have 80/96 hp.
You completely miss the orc knight.
The orc knight unwields a +0 arbalest.
The orc knight wields a +1 battleaxe.
You block the orc knight's attack.
You regained 2 hp, and now have 82/96 hp.
You closely miss the orc knight.
You regained 3 hp, and now have 85/96 hp.
You scratch the orc knight.
The orc knight hits you with a +1 battleaxe!
You take 15 damage, and have 70/96 hp.
You scratch the orc knight.
The orc knight hits you with a +1 battleaxe.
You take 4 damage, and have 66/96 hp.
You closely miss the orc knight.
The orc knight hits you with a +1 battleaxe.
You scratch the orc knight.
You regained 2 hp, and now have 68/96 hp.
You scratch the orc knight.
The orc knight hits you with a +1 battleaxe!!
You take 22 damage, and have 46/96 hp.
MASSIVE DAMAGE!!
You claw the orc knight!
The orc knight hits you with a +1 battleaxe!
You take 11 damage, and have 35/96 hp.
You claw the orc knight!
The orc knight hits you with a +1 battleaxe!!
* * * LOW HITPOINT WARNING * * *
You take 17 damage, and have 18/96 hp.
It was a potion of curing.
You feel better.
The orc knight hits you with a +1 battleaxe!!
* * * LOW HITPOINT WARNING * * *
You take 10 damage, and have 8/96 hp.
It was a potion of heal wounds.
You feel much better.
The orc knight hits you with a +1 battleaxe!!
* * * LOW HITPOINT WARNING * * *
Something unseen breaks down the door.
You regained 9 hp, and now have 17/96 hp.
You feel much better.
The orc knight hits you with a +1 battleaxe!!
* * * LOW HITPOINT WARNING * * *
You take 3 damage, and have 14/96 hp.
You mangle the orc knight!!
The orc knight hits you with a +1 battleaxe!!
You die...

#...
#..#.....#..#.............#
.#..
#..#+###'#..#...###########
#...##))#...).#..##9##
#..+.)'.._..+..'..#
#.##..#.....#..##.# #.
#..#+###+#..##.# #. #..#
..#.9#..# #. +##+
+##9##o.## #. #.[.☼h### #.
#.....# #. +##+###


You could see an orc knight and a gargoyle.

Vanquished Creatures
  2 two-headed ogres
  6 yaks (D:6)
  Menkaure (D:4)
  A water moccasin (D:7)
  An ogre (D:6)
  2 phantoms
  4 kobold brigands
  A scorpion (D:6)
  6 water moccasin zombies (Ossuary)
  2 electric eels (D:6)
  4 hounds
  2 jellies
  2 orc priests
  Crazy Yiuf (D:5)
  3 iguanas
  An orc wizard (D:6)
  2 mummies (Ossuary)
  4 gnolls (D:6)
  13 adders
  7 river rats
  2 white imps
  3 adder zombies (Ossuary)
  2 worms
  2 dart slugs (D:3)
  15 orcs
  6 endoplasms
  3 giant cockroaches (D:1)
  8 goblins
  5 hobgoblins
  A jackal (D:3)
  21 kobolds
  6 quokkas
  10 ball pythons
  6 bats
  4 frilled lizards
  5 gnoll zombies (Ossuary)
  4 hobgoblin zombies (Ossuary)
  3 kobold zombies (Ossuary)
  2 orc zombies (Ossuary)
  29 rats
202 creatures vanquished.

Notes
Turn   | Place    | Note
-------+----------+-------------------------------------------
     0 | D:1      | Whiskey the Troll Shapeshifter began the quest for the Orb.
     0 | D:1      | Reached XP level 1. HP: 18/18 MP: 0/0
   168 | D:1      | Reached skill level 1 in Fighting
   170 | D:1      | Reached XP level 2. HP: 27/27 MP: 1/1
   564 | D:2      | Found a broken altar of Ashenzari.
   567 | D:2      | Reached XP level 3. HP: 33/33 MP: 2/2
   598 | D:2      | Reached skill level 2 in Dodging
   920 | D:2      | Reached XP level 4. HP: 40/41 MP: 3/3
  1224 | D:3      | Found Piwiem's Magic Scroll Emporium.
  1626 | D:3      | Reached skill level 4 in Unarmed Combat
  2074 | D:4      | Found a glowing drain.
  2079 | Sewer    | Entered a sewer
  2121 | Sewer    | Reached skill level 4 in Shapeshifting
  2121 | Sewer    | Reached XP level 5. HP: 44/49 MP: 4/4
  2142 | Sewer    | Reached skill level 2 in Fighting
  2205 | Sewer    | Reached XP level 6. HP: 56/57 MP: 5/5
  2358 | Sewer    | Reached skill level 5 in Unarmed Combat
  2655 | D:4      | Found a staircase to the Ecumenical Temple.
  2659 | D:4      | Reached skill level 5 in Shapeshifting
  2667 | Temple   | Entered the Ecumenical Temple
  2681 | Temple   | Became a worshipper of Qazlal Stormbringer
  2702 | D:4      | Noticed Menkaure
  2715 | D:4      | Killed Menkaure
  2716 | D:4      | Reached XP level 7. HP: 23/66 MP: 6/6
  2868 | D:4      | Found a basalt altar of Yredelemnul.
  2868 | D:4      | Found a glowing silver altar of Zin.
  3046 | D:5      | Entered Level 5 of the Dungeon
  3071 | D:5      | Reached skill level 3 in Fighting
  3071 | D:5      | Reached skill level 6 in Unarmed Combat
  3091 | D:5      | Found a burning altar of Makhleb.
  3153 | D:5      | Noticed a rust devil
  3154 | D:5      | Noticed a rust devil
  3250 | D:5      | Reached * piety under Qazlal
  3362 | D:5      | Found a sparkling altar of Nemelex Xobeh.
  3663 | D:5      | Found a runed translucent door.
  3664 | D:5      | Noticed Crazy Yiuf
  3719 | D:5      | Killed Crazy Yiuf
  3949 | D:6      | Reached skill level 6 in Shapeshifting
  3971 | D:6      | Reached XP level 8. HP: 31/75 MP: 7/7
  4020 | D:6      | Reached skill level 7 in Unarmed Combat
  4033 | D:6      | Reached skill level 4 in Fighting
  4033 | D:6      | Reached skill level 7 in Shapeshifting
  4095 | D:6      | Reached skill level 8 in Unarmed Combat
  4095 | D:6      | Reached XP level 9. HP: 84/84 MP: 8/8
  4158 | D:6      | Found Hiotz's Antique Weapon Shoppe.
  4183 | D:6      | Found a sand-covered staircase.
  4185 | D:6      | Found an opulent altar of Gozag.
  4191 | Ossuary  | Entered an ossuary
  4213 | Ossuary  | Reached ** piety under Qazlal
  4758 | D:6      | Reached skill level 8 in Shapeshifting
  5069 | D:7      | Noticed a two-headed ogre
  5081 | D:7      | Killed a two-headed ogre
  5082 | D:7      | Reached skill level 9 in Unarmed Combat
  5082 | D:7      | Reached skill level 1 in Invocations
  5271 | D:7      | Reached skill level 5 in Fighting
  5441 | D:7      | You fall into a shaft and drop 3 floors!
  5441 | D:10     | Entered Level 10 of the Dungeon
  5443 | D:10     | Found a sacrificial altar of Ru.
  5444 | D:10     | Noticed a two-headed ogre
  5450 | D:10     | Killed a two-headed ogre
  5451 | D:10     | Reached skill level 2 in Invocations
  5451 | D:10     | Reached XP level 10. HP: 74/96 MP: 10/10
  5479 | D:10     | Noticed Urug
  5623 | D:10     | Found an opulent altar of Gozag.
  5623 | D:10     | Noticed an orc knight
  5635 | D:10     | Noticed a gargoyle
  5666 | D:10     | HP: 18/96 [orc knight/+1 battleaxe (20)]
  5667 | D:10     | HP: 8/96 [orc knight/+1 battleaxe (22)]
  5670 | D:10     | Slain by an orc knight

Illustrated notes

Levels and vault maps discovered:
D:1:      wheals_arrival_linesprint, layout_rooms, grunt_decor_clamped
D:2:      minmay_wonky_spiral, layout_rooms, basic_altar, feat_on_display
D:3:      layout_loops_ring, serial_shops, shop, minmay_pentomino_pile
D:4:      layout_rooms, gammafunk_temple_overflow_statue,
          minmay_temple_entry_waves, gup_sewer_entry_bowl, uniq_menkaure
D:5:      cheibrodos_iron_armory, layout_gridville,
          mainiacjoe_overflow_cross_hatched,
          mainiacjoe_overflow_surrounded_room, uniq_crazy_yiuf_cottage
D:6:      layout_loops_corners, overflow_temple_1_default, serial_shops, shop,
          lightli_ossuary_entry_decrepit_ruins, chequers_serial_rivers_room_a,
          minmay_crystal_water, serial_bayou_lagoon_b
D:7:      layout_loops_ring, nicolae_have_a_lightning_rod, uniq_joseph
D:10:     layout_rooms, mainiacjoe_overflow_24_doors, dpeg_oklobed_lair,
          serial_shops, shop, hangedman_feature_mirror, roderic_roman_lattice,
          uniq_urug
Temple:   lightli_temple_of_artemis

Skill      XL: |  1  2  3  4  5  6  7  8  9 |
---------------+----------------------------+-----
Fighting       | 1 2 3 4 5 |  5.0
Dodging        | 2 |  2.0
Unarmed Combat | 4 5 6 8 9 |  9.5
Shapeshifting  | 4 5 6 7 8 |  8.9
Invocations    | 2 |  2.5

Action                     |  1- 3 |  4- 6 |  7- 9 | 10-12 || total
---------------------------+-------+-------+-------+-------++-------
  Melee: Unarmed           |    94 |   187 |   213 |    18 ||   512
         Punch             |     1 |     5 |     5 |       ||    11
  Throw: Dart              |       |       |     9 |       ||     9
Ability: Begin Untransform |       |       |     1 |       ||     1
    Use: Potion            |       |       |       |     3 ||     3
 Armour: Animal skin       |    45 |       |       |       ||    45
         Troll leather arm |       |   196 |   113 |    22 ||   331
  Dodge: Dodged            |    35 |   131 |    56 |     7 ||   229
  Block: Other             |       |       |     8 |     4 ||    12
   Form: Beast             |       |       |     2 |       ||     2

Table legend: (Time is in decaauts)
 A = Elapsed time spent in this place.
 B = Non-inter-level travel time spent in this place.
 C = Inter-level travel time spent in this place.
 D = Time resting spent in this place.
 E = Time spent auto-exploring this place.
 F = Levels seen in this place.
 G = Mean time per level.
                   A        B        C        D        E       F      G
               +--------+--------+--------+--------+--------+-----+--------+
         Total |   5624 |   5400 |    224 |    127 |   3985 |  11 |  511.3 |
       Dungeon |   4938 |   4727 |    211 |    127 |   3594 |   8 |  617.2 |
        Temple |     28 |     15 |     13 |      0 |      0 |   1 |   28.0 |
         Sewer |    506 |    506 |      0 |      0 |    309 |   1 |  506.0 |
       Ossuary |    150 |    150 |      0 |      0 |     82 |   1 |  150.0 |
               +--------+--------+--------+--------+--------+-----+--------+

Top non-repeatable levels by time:
     D:6: 1057 daAuts
     D:3: 842 daAuts
     D:5: 771 daAuts
     D:2: 613 daAuts
     D:1: 559 daAuts
   Sewer: 506 daAuts
     D:4: 475 daAuts
     D:7: 387 daAuts
    D:10: 229 daAuts
 Ossuary: 150 daAuts
  Temple: 28 daAuts

Levels and vault maps discovered:
D:1:      wheals_arrival_linesprint, layout_rooms, grunt_decor_clamped
D:2:      minmay_wonky_spiral, layout_rooms, basic_altar, feat_on_display
D:3:      layout_loops_ring, serial_shops, shop, minmay_pentomino_pile
D:4:      layout_rooms, gammafunk_temple_overflow_statue,
          minmay_temple_entry_waves, gup_sewer_entry_bowl, uniq_menkaure
D:5:      cheibrodos_iron_armory, layout_gridville,
          mainiacjoe_overflow_cross_hatched,
          mainiacjoe_overflow_surrounded_room, uniq_crazy_yiuf_cottage
D:6:      layout_loops_corners, overflow_temple_1_default, serial_shops, shop,
          lightli_ossuary_entry_decrepit_ruins, chequers_serial_rivers_room_a,
          minmay_crystal_water, serial_bayou_lagoon_b
D:7:      layout_loops_ring, nicolae_have_a_lightning_rod, uniq_joseph
D:10:     layout_rooms, mainiacjoe_overflow_24_doors, dpeg_oklobed_lair,
          serial_shops, shop, hangedman_feature_mirror, roderic_roman_lattice,
          uniq_urug
Temple:   lightli_temple_of_artemis

Table legend: (Time is in decaauts)
 A = Elapsed time spent in this place.
 B = Non-inter-level travel time spent in this place.
 C = Inter-level travel time spent in this place.
 D = Time resting spent in this place.
 E = Time spent auto-exploring this place.
 F = Levels seen in this place.
 G = Mean time per level.
                   A        B        C        D        E       F      G
               +--------+--------+--------+--------+--------+-----+--------+
         Total |   5624 |   5400 |    224 |    127 |   3985 |  11 |  511.3 |
       Dungeon |   4938 |   4727 |    211 |    127 |   3594 |   8 |  617.2 |
        Temple |     28 |     15 |     13 |      0 |      0 |   1 |   28.0 |
         Sewer |    506 |    506 |      0 |      0 |    309 |   1 |  506.0 |
       Ossuary |    150 |    150 |      0 |      0 |     82 |   1 |  150.0 |
               +--------+--------+--------+--------+--------+-----+--------+

Top non-repeatable levels by time:
     D:6: 1057 daAuts
     D:3: 842 daAuts
     D:5: 771 daAuts
     D:2: 613 daAuts
     D:1: 559 daAuts
   Sewer: 506 daAuts
     D:4: 475 daAuts
     D:7: 387 daAuts
    D:10: 229 daAuts
 Ossuary: 150 daAuts
  Temple: 28 daAuts

Table legend:
 A = Kills in this place as a percentage of kills in the entire game.
 B = Kills by you in this place as a percentage of kills by you in the entire game.
 C = Kills by friends in this place as a percentage of kills by friends in the entire game.
 D = Other kills in this place as a percentage of other kills in the entire game.
 E = Experience gained in this place as a percentage of experience gained in the entire game.
 F = Experience gained in this place divided by the number of levels of this place that you have seen.
                   A       B       C       D       E      F
               +-------+-------+-------+-------+-------+----------------------
         Total | 100.0 | 100.0 |   N/A |   N/A | 100.0 | 517.5
       Dungeon |  62.9 |  62.9 |   N/A |   N/A |  82.8 | 589.4
         Sewer |  24.8 |  24.8 |   N/A |   N/A |   7.9 | 449.0
       Ossuary |  12.4 |  12.4 |   N/A |   N/A |   9.3 | 529.0
               +-------+-------+-------+-------+-------+----------------------
